Freya, chaotic female orcish Ranger ---- |.<| -----..| --...).-- -------....--| ---...--.......| -- --..............| |. |.. |..........-- -.. |...|.....%....- .... |...........---.- -.... ---........-- . -..... --------.....---- ..........- |*.....G@.(*.^...............>..............| |... -----------...---- -- -- | -- --...| |...| --..- |... --.- -- Freya the Lookout Experience level: 4 Strength: 16 Dexterity: 10 Constitution: 16 Intelligence: 13 Wisdom: 12 Charisma: 7 Health: 0(47) Energy: 12(12) Def: 3 Gold: 289 Moves: 1220 Dungeon seed: LmkQpCDKT_2hwzbi Game ID: Freya_1616233319 Your Inventory: Coins $ - 289 gold pieces Amulets m - an uncursed amulet of life saving Weapons a - 2 uncursed +0 daggers (wielded) b - an uncursed +1 orcish bow (alternate weapon; not wielded) c - 50 uncursed +2 orcish arrows (in quiver) Armor e - an uncursed +2 cloak of displacement (being worn) n - a cursed -1 dwarvish iron helm r - an uncursed +0 dwarvish cloak y - an uncursed +0 dwarvish roundshield N - a blessed +1 pair of iron shoes Comestibles q - 2 uncursed food rations s - an uncursed sprig of wolfsbane Potions z - an uncursed potion of healing Wands l - an uncursed wand of make invisible named 2 (0:6) Tools A - 9 uncursed tallow candles (0:200) Spells and supernatural/magical abilities: Name Level Category Cost Memory W - pray for help -- divine ? -- Your skills at the end: Fighting Skills wands [Basic] Weapon Skills dagger [Basic] bow [Basic] Spellcasting Skills Final Attributes: You were piously aligned. You were fire resistant. You were immune to poison. You had automatic searching. You had infravision. You were displaced. You were lucky. Mars was noncommittal. You are dead. Vanquished creatures: 2 gnome lords a dwarf an iguana 2 hobbits a giant rat 7 gnomes a gecko 5 jackals 2 sewer rats 9 grid bugs 2 newts 33 creatures vanquished. Voluntary challenges: You used a wielded weapon 54 times, starting on turn 277. You read items or engraved 1 time, starting on turn 1022. You never genocided any monsters. You never polymorphed an object. You never changed form. You used no wishes. You never split a pudding. You never wrote Elbereth's name. You never violated your personal moral code. Dungeon overview: The Dungeons of Doom: levels 1 to 4 Level 1 some fountains, a vault a long staircase Level 2 a vault Level 3 an altar to Mars, some fountains stairs to The Gnomish Mines Level 4 an altar to Mercury The Gnomish Mines: Level 4 <- You were here stairs to The Dungeons of Doom History has recorded: On T:1 you entered the Dungeons of Doom to retrieve the Amulet of Yendor! On T:329 you reached level 2 of The Dungeons of Doom. On T:367 you reached level 3 of The Dungeons of Doom. On T:637 you reached level 1 of The Gnomish Mines. On T:715 you reached level 4 of The Dungeons of Doom. On T:898 you advanced to experience level 2. On T:1127 you advanced to experience level 3. On T:1166 you advanced to experience level 4. Score breakdown: Gold: 289 ( 8376 points) Experience: 4 levels ( 9649 points) Exploration: 4 levels ( 7.69%) ( 7276 points) Discoveries: 0 items ( 0.00%) ( 0 points) Valuables value: (no points given unless you survive) Artifact value: 0 ( 0 points) Variety of kills: 11 monsters ( 2.89%) ( 5104 points) Turncount: 1220 turns ( 0 points) Survival: died (score multiplied by 80%) Total score: 24324 Latest messages: You kill the gnome! There are a few objects here. The iguana bites! The gnome strikes at your displaced image and misses you! You hit the iguana! You hit the iguana. The iguana bites! You hit the iguana. (2x) The iguana misses. You kill the iguana! You hit the gnome. You kill the gnome! You see here a male gnome corpse. The gnomish wizard casts a spell! The force bolt hits you! You hit the gnomish wizard. You miss the gnomish wizard. You hit the gnomish wizard. (4x) You miss the gnomish wizard. (2x) You hit the gnomish wizard. The gnomish wizard casts a spell! The force bolt hits you! You miss the gnomish wizard. The gnomish wizard casts a spell! The force bolt hits you! You die... Final status: Goodbye Freya the Ranger, killed by a gnomish wizard's force bolt... You died in The Gnomish Mines on dungeon level 4 with 24324 points, and 289 pieces of gold, after 1220 moves. You were level 4 with a maximum of 47 hit points when you died.